General information
			
			
        
        - name: BNet
 
        - type: Ladder team game (AT/RT)
 
        - host: Battle.net
 
        - saver: Gobiner
 
        
map: Monsoon 
        - players: 6
 
        - length: 77:51
 
        - speed: Fast
 - version: 1.22 W3XP
 - replay type:  Public
 
» download(672 KB)
Players
        team 1 (loser) 
              
              
Ke-DiEoxidE (
teal | 153 APM | 11903 actions | 77:46)
              
 7 Far Seer 
 3 Feral Spirit
 3 Chain Lighting
 1 Earth Quake
 2 Shadow Hunter 
 1 Hex
 1 Healing Wave
 
                » actions 
                
                | Assign group hotkey | 102 |  | 
| Basic commands | 652 |  | 
| Build / train | 106 |  | 
| Enter build submenu | 36 |  | 
| Enter hero's abilities submenu | 9 |  | 
| Give item / drop item | 9 |  | 
| Right click | 5689 |  | 
| Select / deselect | 1209 |  | 
| Select group hotkey | 3865 |  | 
| Use ability | 226 |  | 
                11903 total
 » units 
                
                | Peon | 19 |  | 
| Grunt | 4 |  | 
| Wind Rider | 12 |  | 
| Kodo Beast | 3 |  | 
| Tauren | 2 |  | 
                40 total
 » upgrades
                
                | Berserker Strength | 1 |  | 
| Ensnare | 1 |  | 
| Reinforced Defenses | 1 |  | 
| Envenomed Spears | 1 |  | 
| Liquid Fire | 1 |  | 
| Armor | 2 |  | 
| Ranged Weapons | 2 |  | 
| War Drums Damage Increase | 1 |  | 
| Pulverize | 1 |  | 
| Melee Weapons | 1 |  | 
                12 total
 » buildings
                
                | Altar of Storms | 1 |  | 
| Orc Burrow | 6 |  | 
| Barracks | 1 |  | 
| Stronghold | 1 |  | 
| Voodoo Lounge | 2 |  | 
| War Mill | 2 |  | 
| Fortress | 1 |  | 
| Beastiary | 3 |  | 
| Great Hall | 4 |  | 
| Watch Tower | 12 |  | 
| Tauren Totem | 3 |  | 
                36 total
 » build order
                00:07 Altar of Storms
00:21 Orc Burrow
00:51 Barracks
01:37 Orc Burrow
02:47 Stronghold
03:58 Voodoo Lounge
04:23 Orc Burrow
04:31 War Mill
05:18 Fortress
05:54 Beastiary
05:59 Beastiary
06:31 Orc Burrow
07:27 Great Hall
08:04 Great Hall
08:21 Great Hall
10:31 Beastiary
10:33 Watch Tower
10:34 Watch Tower
11:46 Watch Tower
12:14 Orc Burrow
13:00 Watch Tower
13:40 Orc Burrow
14:37 Watch Tower
14:40 Watch Tower
16:12 Watch Tower
16:13 Watch Tower
17:35 Watch Tower
17:37 Watch Tower
18:19 Watch Tower
18:21 Watch Tower
24:45 Great Hall
27:27 Tauren Totem
27:28 Tauren Totem
28:16 Voodoo Lounge
29:09 Tauren Totem
30:08 War Mill
» items
                
                | Boots of Speed | 1 |  | 
| Healing Salve | 4 |  | 
| Orb of Lightning | 1 |  | 
| Potion of Mana | 6 |  | 
| Potion of Invisibility | 2 |  | 
| Lesser Clarity Potion | 13 |  | 
| Potion of Healing | 5 |  | 
| Potion of Lesser Invulnerability | 5 |  | 
| Scroll of Town Portal | 4 |  | 
                41 total
  
               
              
              
Knot4Mud (
yellow | 112 APM | 8711 actions | 77:49)
              
 7 Death Knight 
 3 Death Coil
 3 Unholy Aura
 1 Animate Dead
 3 Lich 
 2 Frost Nova
 1 Frost Armor
 5 Crypt Lord 
 3 Impale
 2 Spiked Carapace
 
                » actions 
                
                | Assign group hotkey | 694 |  | 
| Basic commands | 427 |  | 
| Build / train | 179 |  | 
| Enter build submenu | 65 |  | 
| Enter hero's abilities submenu | 16 |  | 
| Give item / drop item | 6 |  | 
| Remove unit from queue | 5 |  | 
| Right click | 4023 |  | 
| Select / deselect | 1247 |  | 
| Select group hotkey | 1723 |  | 
| Use ability | 326 |  | 
                8711 total
 » units 
                
                | Acolyte | 48 |  | 
| Ghoul | 7 |  | 
| Crypt Fiend | 2 |  | 
| Meatwagon | 12 |  | 
| Necromancer | 10 |  | 
| Obsidian Statue | 1 |  | 
| Frost Wyrm | 13 |  | 
                93 total
 » upgrades
                
                | Exhume Corpses | 1 |  | 
| Necromancer Training | 2 |  | 
| Skeletal Longevity | 1 |  | 
| Skeletal Mastery | 2 |  | 
| Destroyer Form | 1 |  | 
| Disease Cloud | 1 |  | 
| Creature Attack | 3 |  | 
| Creature Carapace | 3 |  | 
| Freezing Breath | 1 |  | 
| Web | 1 |  | 
| Burrow | 1 |  | 
                17 total
 » buildings
                
                | Graveyard | 2 |  | 
| Crypt | 1 |  | 
| Altar of Darkness | 3 |  | 
| Ziggurat | 21 |  | 
| Tomb of Relics | 1 |  | 
| Nerubian Tower | 3 |  | 
| Necropolis | 5 |  | 
| Halls of the Dead | 4 |  | 
| Temple of the Damned | 2 |  | 
| Slaughterhouse | 2 |  | 
| Spirit Tower | 9 |  | 
| Black Citadel | 2 |  | 
| Sacrificial Pit | 2 |  | 
| Boneyard | 2 |  | 
                59 total
 » build order
                00:11 Graveyard
00:15 Crypt
00:42 Altar of Darkness
00:56 Ziggurat
01:25 Tomb of Relics
02:09 Ziggurat
03:06 Nerubian Tower
05:20 Necropolis
05:43 Halls of the Dead
05:43 Halls of the Dead
06:06 Ziggurat
06:12 Ziggurat
07:22 Ziggurat
07:25 Ziggurat
08:05 Temple of the Damned
08:16 Slaughterhouse
08:29 Nerubian Tower
08:30 Spirit Tower
08:55 Slaughterhouse
09:02 Black Citadel
09:25 Temple of the Damned
10:42 Spirit Tower
13:24 Sacrificial Pit
14:45 Boneyard
14:59 Boneyard
18:13 Spirit Tower
20:17 Ziggurat
20:18 Ziggurat
21:45 Necropolis
24:53 Necropolis
25:03 Spirit Tower
28:40 Necropolis
28:41 Ziggurat
29:39 Ziggurat
29:40 Ziggurat
30:51 Ziggurat
30:51 Ziggurat
30:53 Ziggurat
30:55 Spirit Tower
32:27 Spirit Tower
32:27 Spirit Tower
41:03 Ziggurat
45:39 Ziggurat
45:41 Ziggurat
45:42 Ziggurat
46:03 Necropolis
47:45 Spirit Tower
47:57 Nerubian Tower
48:18 Spirit Tower
53:30 Altar of Darkness
60:14 Altar of Darkness
60:36 Halls of the Dead
60:40 Ziggurat
60:43 Ziggurat
62:58 Black Citadel
63:10 Graveyard
66:26 Ziggurat
67:15 Sacrificial Pit
» items
                
                | Rod of Necromancy | 1 |  | 
| Dust of Appearance | 4 |  | 
| Potion of Invisibility | 2 |  | 
| Potion of Lesser Invulnerability | 5 |  | 
| Orb of Corruption | 2 |  | 
| Sacrificial Skull | 2 |  | 
| Scroll of Healing | 1 |  | 
| Potion of Healing | 4 |  | 
| Healing Salve | 2 |  | 
| Lesser Clarity Potion | 2 |  | 
| Scroll of Town Portal | 1 |  | 
| Potion of Mana | 2 |  | 
| Orb of Lightning | 1 |  | 
                29 total
  
               
              
              
Krispy (
orange | 96 APM | 7465 actions | 77:44)
              
 5 Blademaster 
 3 Wind Walk
 2 Critical Strike
 4 Shadow Hunter 
 2 Hex
 2 Healing Wave
 
                » actions 
                
                | Assign group hotkey | 36 |  | 
| Basic commands | 11 |  | 
| Build / train | 173 |  | 
| ESC pressed | 8 |  | 
| Enter build submenu | 82 |  | 
| Enter hero's abilities submenu | 9 |  | 
| Give item / drop item | 7 |  | 
| Right click | 4684 |  | 
| Select / deselect | 1061 |  | 
| Select group hotkey | 954 |  | 
| Use ability | 440 |  | 
                7465 total
 » units 
                
                | Peon | 59 |  | 
| Grunt | 4 |  | 
| Troll Batrider | 31 |  | 
| Troll Witch Doctor | 8 |  | 
| Demolisher | 4 |  | 
| Spirit Walker | 3 |  | 
                109 total
 » upgrades
                
                | Berserker Strength | 1 |  | 
| Liquid Fire | 1 |  | 
| Reinforced Defenses | 1 |  | 
| Armor | 3 |  | 
| Ranged Weapons | 3 |  | 
| Burning Oil | 1 |  | 
| Witch Doctor Training | 2 |  | 
| Spirit Walker Training | 2 |  | 
                14 total
 » buildings
                
                | Altar of Storms | 1 |  | 
| Orc Burrow | 8 |  | 
| Barracks | 1 |  | 
| Voodoo Lounge | 3 |  | 
| Stronghold | 1 |  | 
| War Mill | 4 |  | 
| Beastiary | 3 |  | 
| Great Hall | 6 |  | 
| Watch Tower | 47 |  | 
| Fortress | 1 |  | 
| Spirit Lodge | 1 |  | 
                76 total
 » build order
                00:07 Altar of Storms
00:15 Orc Burrow
00:36 Barracks
01:36 Orc Burrow
02:06 Voodoo Lounge
03:02 Stronghold
04:44 Orc Burrow
05:03 War Mill
05:32 Beastiary
06:09 Great Hall
06:32 Watch Tower
08:34 Beastiary
08:37 Watch Tower
08:40 Watch Tower
10:07 Fortress
10:47 Watch Tower
11:38 Orc Burrow
11:39 Orc Burrow
12:13 Orc Burrow
12:28 Watch Tower
12:52 Watch Tower
13:28 Watch Tower
14:36 Watch Tower
14:41 Beastiary
15:35 Watch Tower
17:26 Watch Tower
17:33 Spirit Lodge
18:50 War Mill
20:46 Voodoo Lounge
23:23 Watch Tower
23:26 Watch Tower
23:27 Watch Tower
24:54 Orc Burrow
24:55 Orc Burrow
26:03 Watch Tower
27:10 Watch Tower
27:12 Watch Tower
28:38 Watch Tower
29:46 Great Hall
29:48 Watch Tower
29:48 Watch Tower
29:49 Watch Tower
30:15 War Mill
30:40 Great Hall
31:43 Great Hall
32:13 Watch Tower
32:15 Watch Tower
32:18 Watch Tower
33:56 Watch Tower
33:58 Watch Tower
34:00 Watch Tower
35:17 Watch Tower
36:04 Great Hall
36:51 Watch Tower
36:52 Watch Tower
36:52 Watch Tower
36:55 Watch Tower
37:19 Watch Tower
37:30 Watch Tower
37:32 Watch Tower
37:58 War Mill
39:23 Watch Tower
39:24 Watch Tower
42:32 Watch Tower
44:11 Watch Tower
45:44 Watch Tower
45:45 Watch Tower
45:46 Watch Tower
46:56 Watch Tower
47:50 Watch Tower
48:01 Voodoo Lounge
48:23 Watch Tower
50:51 Watch Tower
50:58 Watch Tower
55:20 Watch Tower
56:30 Great Hall
» items
                
                | Healing Salve | 5 |  | 
| Potion of Lesser Invulnerability | 6 |  | 
| Scroll of Town Portal | 5 |  | 
| Orb of Lightning | 2 |  | 
| Lesser Clarity Potion | 9 |  | 
| Staff of Teleportation | 2 |  | 
| Boots of Speed | 2 |  | 
| Scroll of Speed | 2 |  | 
| Tiny Great Hall | 1 |  | 
| Potion of Mana | 1 |  | 
| Periapt of Vitality | 2 |  | 
                37 total
  
               team 2 (winner) 
              
              
Gobiner (
pink | 60 APM | 4657 actions | 77:51)
              
 10 Blademaster 
 3 Wind Walk
 3 Critical Strike
 1 Bladestorm
 3 Mirror Image
 
                » actions 
                
                | Assign group hotkey | 23 |  | 
| Basic commands | 39 |  | 
| Build / train | 138 |  | 
| ESC pressed | 7 |  | 
| Enter build submenu | 71 |  | 
| Enter hero's abilities submenu | 11 |  | 
| Give item / drop item | 2 |  | 
| Remove unit from queue | 1 |  | 
| Right click | 2514 |  | 
| Select / deselect | 414 |  | 
| Select group hotkey | 931 |  | 
| Use ability | 506 |  | 
                4657 total
 » units 
                » upgrades
                
                | Liquid Fire | 2 |  | 
| Ranged Weapons | 3 |  | 
| Armor | 3 |  | 
| Troll Regeneration | 1 |  | 
| Reinforced Defenses | 1 |  | 
| Burning Oil | 1 |  | 
                11 total
 » buildings
                
                | Altar of Storms | 1 |  | 
| Orc Burrow | 4 |  | 
| War Mill | 1 |  | 
| Voodoo Lounge | 3 |  | 
| Watch Tower | 65 |  | 
| Stronghold | 4 |  | 
| Fortress | 1 |  | 
| Beastiary | 2 |  | 
| Great Hall | 1 |  | 
| Barracks | 2 |  | 
                84 total
 » build order
                00:07 Altar of Storms
00:18 Orc Burrow
00:31 War Mill
01:16 Voodoo Lounge
01:45 Watch Tower
02:07 Orc Burrow
02:33 Watch Tower
02:54 Watch Tower
03:31 Watch Tower
04:04 Watch Tower
04:21 Stronghold
04:21 Stronghold
04:22 Stronghold
04:22 Stronghold
04:38 Watch Tower
05:17 Watch Tower
05:33 Orc Burrow
05:35 Orc Burrow
05:47 Watch Tower
06:21 Watch Tower
06:26 Watch Tower
06:28 Watch Tower
06:59 Fortress
07:08 Beastiary
07:36 Watch Tower
07:38 Watch Tower
07:49 Beastiary
07:57 Voodoo Lounge
08:42 Watch Tower
10:02 Great Hall
10:24 Voodoo Lounge
12:03 Watch Tower
12:04 Watch Tower
12:05 Watch Tower
12:15 Barracks
14:39 Watch Tower
14:39 Watch Tower
14:41 Watch Tower
14:41 Watch Tower
15:54 Watch Tower
15:55 Watch Tower
15:56 Watch Tower
15:56 Watch Tower
15:57 Watch Tower
15:58 Watch Tower
15:58 Watch Tower
16:15 Watch Tower
16:16 Watch Tower
16:19 Watch Tower
16:30 Watch Tower
16:31 Watch Tower
18:42 Watch Tower
18:44 Watch Tower
20:41 Watch Tower
20:43 Watch Tower
20:52 Watch Tower
20:54 Watch Tower
20:56 Watch Tower
22:08 Watch Tower
22:27 Watch Tower
22:28 Watch Tower
22:30 Watch Tower
22:36 Watch Tower
24:47 Watch Tower
24:52 Watch Tower
24:53 Watch Tower
24:53 Watch Tower
25:43 Watch Tower
25:49 Watch Tower
25:51 Watch Tower
25:59 Watch Tower
26:05 Watch Tower
26:44 Watch Tower
26:47 Watch Tower
26:49 Watch Tower
27:53 Watch Tower
27:54 Watch Tower
27:55 Watch Tower
28:55 Barracks
30:38 Watch Tower
30:39 Watch Tower
30:40 Watch Tower
30:41 Watch Tower
30:54 Watch Tower
» items
                
                | Lesser Clarity Potion | 17 |  | 
| Healing Salve | 6 |  | 
| Boots of Speed | 3 |  | 
| Staff of Teleportation | 1 |  | 
| Orb of Lightning | 1 |  | 
| Potion of Healing | 3 |  | 
| Potion of Mana | 4 |  | 
| Potion of Lesser Invulnerability | 4 |  | 
| Scroll of Town Portal | 2 |  | 
                41 total
  
               
              
              
kunt.roII (
blue | 127 APM | 9855 actions | 77:50)
              
 6 Archmage 
 3 Blizzard
 2 Brilliance Aura
 1 Mass Teleport
 7 Mountain King 
 3 Storm Bolt
 3 Bash
 1 Avatar
 7 Paladin 
 3 Holy Light
 3 Divine Shield
 1 Devotion Aura
 
                » actions 
                
                | Assign group hotkey | 49 |  | 
| Basic commands | 144 |  | 
| Build / train | 102 |  | 
| ESC pressed | 4 |  | 
| Enter build submenu | 37 |  | 
| Enter hero's abilities submenu | 25 |  | 
| Give item / drop item | 12 |  | 
| Remove unit from queue | 2 |  | 
| Right click | 4399 |  | 
| Select / deselect | 491 |  | 
| Select group hotkey | 4165 |  | 
| Use ability | 425 |  | 
                9855 total
 » units 
                
                | Peasant | 23 |  | 
| Sorceress | 1 |  | 
| Priest | 2 |  | 
                26 total
 » upgrades
                
                | Magic Sentry | 1 |  | 
| Sorceress Training | 1 |  | 
| Priest Training | 1 |  | 
| Masonry | 1 |  | 
| Lumber Harvesting | 1 |  | 
                5 total
 » buildings
                
                | Altar of Kings | 4 |  | 
| Lumber Mill | 2 |  | 
| Farm | 8 |  | 
| Scout Tower | 16 |  | 
| Arcane Tower | 3 |  | 
| Guard Tower | 11 |  | 
| Arcane Vault | 1 |  | 
| Keep | 1 |  | 
| Town Hall | 4 |  | 
| Castle | 2 |  | 
| Arcane Sanctum | 2 |  | 
                54 total
 » build order
                00:05 Altar of Kings
00:33 Lumber Mill
00:35 Farm
01:09 Farm
01:26 Scout Tower
02:04 Arcane Tower
02:06 Scout Tower
02:08 Scout Tower
02:28 Scout Tower
02:29 Scout Tower
02:34 Farm
03:03 Guard Tower
03:03 Guard Tower
03:06 Guard Tower
03:07 Guard Tower
03:34 Guard Tower
04:12 Scout Tower
04:13 Scout Tower
04:45 Arcane Vault
04:46 Scout Tower
04:47 Scout Tower
04:48 Scout Tower
04:49 Guard Tower
06:10 Keep
06:13 Guard Tower
06:16 Scout Tower
06:18 Scout Tower
06:35 Guard Tower
06:36 Scout Tower
07:32 Town Hall
07:35 Scout Tower
07:35 Scout Tower
07:39 Guard Tower
07:51 Guard Tower
08:26 Scout Tower
08:51 Arcane Tower
09:44 Castle
09:44 Castle
10:58 Arcane Sanctum
16:20 Arcane Sanctum
16:54 Altar of Kings
16:57 Farm
16:58 Farm
16:59 Farm
17:00 Farm
18:25 Farm
19:54 Town Hall
20:20 Town Hall
22:22 Lumber Mill
31:35 Town Hall
35:18 Altar of Kings
35:20 Altar of Kings
» items
                
                | Staff of Teleportation | 3 |  | 
| Boots of Speed | 4 |  | 
| Lesser Clarity Potion | 1 |  | 
| Scroll of Regeneration | 1 |  | 
| Potion of Invisibility | 2 |  | 
| Dust of Appearance | 1 |  | 
| Orb of Lightning | 3 |  | 
| Scroll of Town Portal | 3 |  | 
| Circlet of Nobility | 4 |  | 
| Staff of Sanctuary | 3 |  | 
| Potion of Lesser Invulnerability | 1 |  | 
                26 total
  
               
              
              
MrFrosty (
red | 108 APM | 8368 actions | 77:50)
              
 10 Mountain King 
 3 Storm Bolt
 3 Bash
 1 Avatar
 3 Thunder Clap
 8 Paladin 
 3 Holy Light
 3 Divine Shield
 2 Devotion Aura
 
                » actions 
                
                | Assign group hotkey | 28 |  | 
| Basic commands | 86 |  | 
| Build / train | 147 |  | 
| ESC pressed | 2 |  | 
| Enter build submenu | 59 |  | 
| Enter hero's abilities submenu | 20 |  | 
| Give item / drop item | 17 |  | 
| Right click | 4966 |  | 
| Select / deselect | 1007 |  | 
| Select group hotkey | 1466 |  | 
| Use ability | 570 |  | 
                8368 total
 » units 
                
                | Peasant | 24 |  | 
| Priest | 10 |  | 
| Sorceress | 4 |  | 
                38 total
 » upgrades
                
                | Masonry | 3 |  | 
| Lumber Harvesting | 2 |  | 
| Magic Sentry | 1 |  | 
| Sorceress Training | 2 |  | 
| Priest Training | 2 |  | 
                10 total
 » buildings
                
                | Altar of Kings | 1 |  | 
| Farm | 4 |  | 
| Scout Tower | 66 |  | 
| Arcane Tower | 12 |  | 
| Lumber Mill | 1 |  | 
| Guard Tower | 29 |  | 
| Arcane Vault | 1 |  | 
| Town Hall | 1 |  | 
| Keep | 1 |  | 
| Castle | 1 |  | 
| Arcane Sanctum | 1 |  | 
                118 total
 » build order
                00:07 Altar of Kings
00:20 Farm
00:21 Scout Tower
00:35 Scout Tower
01:02 Arcane Tower
01:25 Farm
02:02 Scout Tower
02:41 Arcane Tower
02:42 Scout Tower
03:14 Lumber Mill
03:23 Scout Tower
03:54 Arcane Tower
04:23 Guard Tower
04:24 Scout Tower
04:37 Scout Tower
04:40 Scout Tower
04:40 Scout Tower
04:51 Arcane Tower
05:07 Arcane Vault
05:20 Guard Tower
05:59 Guard Tower
06:00 Scout Tower
06:04 Scout Tower
06:30 Guard Tower
06:32 Scout Tower
06:33 Arcane Tower
07:21 Town Hall
07:36 Keep
07:38 Farm
07:40 Scout Tower
07:48 Guard Tower
07:50 Scout Tower
08:30 Guard Tower
08:31 Scout Tower
08:34 Farm
09:00 Guard Tower
09:10 Arcane Tower
09:52 Scout Tower
09:53 Scout Tower
10:00 Castle
10:02 Arcane Sanctum
11:15 Guard Tower
11:18 Scout Tower
11:20 Scout Tower
12:21 Guard Tower
12:21 Scout Tower
13:04 Guard Tower
13:05 Scout Tower
13:35 Guard Tower
14:50 Scout Tower
14:51 Scout Tower
14:52 Scout Tower
16:38 Guard Tower
16:53 Scout Tower
16:55 Scout Tower
16:57 Scout Tower
16:59 Scout Tower
17:03 Scout Tower
17:03 Scout Tower
17:04 Scout Tower
17:55 Guard Tower
18:03 Arcane Tower
18:29 Arcane Tower
18:33 Scout Tower
19:35 Scout Tower
19:40 Scout Tower
19:41 Scout Tower
20:00 Guard Tower
20:03 Arcane Tower
20:05 Scout Tower
20:06 Scout Tower
20:06 Scout Tower
20:18 Guard Tower
20:23 Guard Tower
20:25 Guard Tower
20:26 Scout Tower
20:27 Scout Tower
20:27 Scout Tower
20:40 Scout Tower
20:41 Guard Tower
21:14 Guard Tower
22:13 Guard Tower
22:30 Guard Tower
27:30 Scout Tower
27:31 Scout Tower
27:31 Scout Tower
27:33 Scout Tower
27:34 Scout Tower
27:34 Scout Tower
27:35 Scout Tower
29:59 Guard Tower
30:02 Scout Tower
30:38 Guard Tower
30:41 Scout Tower
30:41 Scout Tower
30:42 Scout Tower
30:43 Scout Tower
31:10 Guard Tower
31:11 Guard Tower
31:13 Scout Tower
33:39 Scout Tower
33:39 Scout Tower
36:03 Arcane Tower
36:05 Guard Tower
36:06 Scout Tower
36:31 Scout Tower
36:31 Scout Tower
37:09 Guard Tower
37:15 Arcane Tower
38:49 Scout Tower
38:52 Scout Tower
38:53 Scout Tower
38:54 Scout Tower
38:55 Scout Tower
38:55 Scout Tower
39:29 Arcane Tower
39:30 Guard Tower
47:41 Guard Tower
» items
                
                | Staff of Teleportation | 2 |  | 
| Boots of Speed | 2 |  | 
| Healing Salve | 4 |  | 
| Scroll of Speed | 1 |  | 
| Lesser Clarity Potion | 14 |  | 
| Potion of Healing | 2 |  | 
| Orb of Lightning | 2 |  | 
| Staff of Sanctuary | 2 |  | 
| Periapt of Vitality | 1 |  | 
| Potion of Mana | 1 |  | 
| Scroll of Town Portal | 3 |  | 
                34 total
  
                Chat log
          (00:07 / All) kunt.roII: GARG FEED
(00:11 / All) MrFrosty: good strat
(00:12 / All) kunt.roII: VERY GOOD STRAT
(00:13 / All) MrFrosty: hard to beat
(00:18 / All) kunt.roII: I BETTER LEAVE NOW
(00:24 / All) Gobiner: garg feed :)
(00:27 / All) Gobiner: good game :)
(00:29 / All) MrFrosty: the guys we just beat were 25-1 and did the same thing
(00:38 / All) MrFrosty: good luck though
(00:40 / All) kunt.roII: orc orc ud also xD
(00:42 / All) MrFrosty: im sure you're better than them
(00:53 / All) Gobiner: they were really bad lollin
(01:40 / Allies) MrFrosty: orc i tihnk
(01:58 / All) MrFrosty: lmao no garg feed?
(03:35 / Allies) MrFrosty: ps i dont have a mill lol
(10:50 / Allies) MrFrosty: crown woot
(15:37 / Allies) MrFrosty: how do they have 2 level 5s
(20:40 / Allies) kunt.roII: asldfhlasdhlf
(24:25 / All) Gobiner: nice bats
(24:43 / All) MrFrosty: my hair smells real nice btw
(25:24 / Allies) MrFrosty: oned
(26:58 / Allies) MrFrosty: woot 5/3
(27:18 / Allies) MrFrosty: welp
(28:45 / Allies) MrFrosty: lol
(31:20 / Allies) MrFrosty: welp
(33:30 / Allies) MrFrosty: tt
(34:33 / All) MrFrosty: thanks
(35:31 / All) MrFrosty: thanks
(35:54 / All) MrFrosty: thanks
(38:42 / Allies) MrFrosty: hammered tp atleast 5 times
(39:16 / Allies) MrFrosty: woot
(39:24 / Allies) MrFrosty: im close to 5 pally
(40:16 / Allies) MrFrosty: noob timing
(40:20 / Allies) kunt.roII: TT
(40:36 / All) MrFrosty: thanks
(40:53 / Allies) MrFrosty: 40% to bash is real lol
(41:53 / All) kunt.roII: lmaol.
(42:15 / All) MrFrosty: thanks
(42:34 / Allies) MrFrosty: misclick
(42:47 / Allies) Gobiner: 10 lumber ghouls
(42:50 / Allies) Gobiner: dude needs lumber
(44:21 / Allies) MrFrosty: qucik
(44:22 / Allies) MrFrosty: jesus
(45:00 / Allies) MrFrosty: lol
(45:32 / Allies) MrFrosty: well shades at both
(46:17 / Allies) MrFrosty: another
(46:39 / Allies) MrFrosty: welp
(46:42 / Allies) Gobiner: gay
(46:47 / Allies) Gobiner: double clicked that tp so hard
(47:14 / Allies) MrFrosty: lucky noob
(47:19 / Allies) MrFrosty: double hex will be gay
(47:23 / Allies) MrFrosty: least it will be easy exp
(47:33 / Allies) kunt.roII: asdfhlasdfk
(47:36 / All) Krispy: thanks!!
(47:39 / All) kunt.roII: :D
(47:54 / Allies) MrFrosty: we arent going to get it imo
(50:24 / Allies) MrFrosty: lol
(50:27 / Allies) MrFrosty: b/c noob
(50:35 / Allies) MrFrosty: ps 600 mana on mk
(50:38 / Allies) MrFrosty: p r o
(50:50 / Allies) kunt.roII: lets kill some shades
(50:58 / Allies) kunt.roII: or acos
(51:25 / Allies) MrFrosty: yes
(52:31 / Allies) MrFrosty: and i got the lich and 3 sh
(52:51 / Allies) MrFrosty: woot
(52:57 / Allies) MrFrosty: mk half way to 9 t t
(55:33 / Allies) MrFrosty: tttttttttttt
(55:34 / Allies) kunt.roII: : /
(56:51 / Allies) kunt.roII: GOLD PLZ
(57:52 / Allies) MrFrosty: getting close to 9 woot
(58:36 / Allies) kunt.roII: fail
(58:50 / Allies) kunt.roII: owned
(59:27 / All) Gobiner: good luck blocking for 45 seconds
(59:35 / All) kunt.roII: or 2
(59:55 / Allies) MrFrosty: just the wyrm yards
(60:41 / Allies) MrFrosty: breakers need tier 2
(60:43 / Allies) MrFrosty: which is dumb
(61:07 / Allies) MrFrosty: lich still 2 lol
(61:14 / Allies) MrFrosty: yeah
(61:36 / Allies) MrFrosty: lol
(62:21 / Allies) MrFrosty: shade
(62:25 / Allies) MrFrosty: cant scan
(63:21 / Allies) MrFrosty: just get the peons
(63:25 / Allies) MrFrosty: 50 gold left is all
(63:35 / Allies) MrFrosty: tt
(65:54 / All) Gobiner: bye
(66:17 / All) MrFrosty: you killed my casters so i think it was a good trade
(66:32 / Allies) MrFrosty: lol
(66:36 / All) kunt.roII: CRAP
(66:38 / All) kunt.roII: BATS
(66:41 / All) kunt.roII: MY FARMS
(66:59 / Allies) kunt.roII: avatar
(67:00 / Allies) kunt.roII: is so good
(67:06 / Allies) MrFrosty: for this it is
(67:09 / Allies) kunt.roII: yeah
(67:16 / Allies) MrFrosty: in realcraft its still beat by meta etc
(67:17 / Allies) kunt.roII: its like..perfect for this
(67:25 / Allies) kunt.roII: at least its not ANIMATE DEAD
(67:28 / Allies) MrFrosty: ps devotion aura
(67:29 / Allies) MrFrosty: yah
(67:54 / Allies) MrFrosty: checking something
(68:09 / Allies) MrFrosty: how often does that really happen
(70:10 / Allies) MrFrosty: holy shit
(71:03 / Allies) MrFrosty: woot lvl 8
(71:23 / Allies) MrFrosty: my aura is better fyi
(71:50 / Allies) MrFrosty: lol
(72:16 / Allies) MrFrosty: dks back
(72:27 / Allies) MrFrosty: so many hero kills
(72:29 / Allies) MrFrosty: a bit
(72:32 / Allies) MrFrosty: o
(72:36 / Allies) MrFrosty: was there
(73:49 / Allies) MrFrosty: lol
(74:04 / Allies) MrFrosty: lolll
(74:31 / Allies) MrFrosty: lets get him
(74:41 / All) MrFrosty: thanks
(75:33 / All) MrFrosty: thanks
(75:36 / Allies) MrFrosty: lvl 10
(76:09 / All) Gobiner: you probably enjoy going up against mk/pal/mk/pal
(76:20 / Allies) MrFrosty: this is seriously lol
(76:21 / All) Gobiner: its good for your heroes
(76:24 / Allies) MrFrosty: i loved that sh kill
(76:44 / Allies) MrFrosty: god
(77:44 / Allies) MrFrosty: getting close to 9
(77:46 / All) kunt.roII: bye
(77:47 / All) MrFrosty: 2 e z
(77:49 / All) MrFrosty: noobs